 Dungeon Crawl Stone Soup version 0.29.1 (webtiles) character file.

Game seed: 6855463294024808980

80 greasedhog the Trooper (level 4, -2/30 HPs)
             Began as a Gargoyle Abyssal Knight on Sept 13, 2022.
             Was a Priest of Lugonu.
             Slain by Grinder (8 damage)
             ... on level 3 of the Dungeon.
             The game lasted 00:02:51 (2695 turns).

greasedhog the Trooper (Gargoyle Abyssal Knight)    Turns: 2695, Time: 00:02:52

Health: -2/30      AC: 13    Str: 16 (19) XL:     4   Next: 39%
Magic:  5/5        EV: 10    Int:  9 (10) God:    Lugonu [***...]
Gold:   172        SH:  0    Dex:  7 (10) Spells: 3/3 levels left

rFire   . . .      SeeInvis .   g - +1 whip (drain)
rCold   . . .      Faith    .   (no shield)
rNeg    + . .      Spirit   .   c - +1 ring mail {rPois}
rPois   ∞          Reflect  .   (no helmet)
rElec   +          Harm     .   k - +2 cloak
rCorr   .          Rampage  .   (no gloves)
Will    .....                   (no boots)
Stlth   ..........              (no amulet)
HPRegen 0.10/turn               (no ring)
MPRegen 0.09/turn               (no ring)

@: about to teleport
A: sickness immunity, AC +3, negative energy resistance 1, electricity
resistance, torment resistance 1, petrification resistance
a: Renounce Religion, Depart the Abyss, Bend Space, Banish


You were on level 3 of the Dungeon.
You worshipped Lugonu.
Lugonu was most pleased with you.
You visited 1 branch of the dungeon, and saw 3 of its levels.
You visited the Abyss 1 time.

You collected 172 gold pieces.

Inventory:

Hand Weapons
 g - a +1 whip of draining (weapon)
Armour
 c - a +1 ring mail of poison resistance (worn)
 k - a +2 cloak (worn)
Jewellery
 e - a +6 ring of strength
Scrolls
 h - a scroll of vulnerability
 j - a scroll of brand weapon
Potions
 f - a potion of degeneration
 l - a potion of flight


   Skills:
 * Level 4.6 Fighting
 * Level 3.4 Maces & Flails
 - Level 2.1 Armour
 - Level 0.7 Dodging
 - Level 2.0 Invocations


You had 3 spell levels left.
You didn't know any spells.
Your spell library contained the following spells:

 Spells                   Type           Power      Damage    Failure   Level
 Wereblood                Tmut           0%         N/A       75%         2
 Iskenderun's Battlesphe  Conj           0%         2d6       100%        5
 Iron Shot                Conj/Erth      0%         9d1       100%        6
 Spellforged Servitor     Conj/Summ      0%         N/A       100%        7
 Summon Hydra             Summ           0%         N/A       100%        7
 Sublimation of Blood     Necr           Unusable   N/A       N/A         2

Dungeon Overview and Level Annotations

Branches:
Dungeon (3/15)

Altars:

Annotations:
D:3 Grinder


Innate Abilities, Weirdness & Mutations

You are immune to sickness and miasma.
Your stone body is resilient. (AC +3)
You are immune to poison.
You resist negative energy. (rN+)
You are resistant to electric shocks. (rElec)
You are resistant to unholy torment.
You are immune to petrification.


Message History

Grinder is moderately wounded.
Grinder closely misses you.
You closely miss Grinder.
Grinder is moderately wounded.
Grinder says, "FISH!"
Grinder hits you but does no damage.
You closely miss Grinder.
Grinder is moderately wounded.
Grinder gestures at you. Pain shoots through your body!
You barely miss Grinder.
Grinder is moderately wounded.
Grinder gestures at you. Pain shoots through your body!
You closely miss Grinder.
Grinder is moderately wounded.
Grinder barely misses you.
You closely miss Grinder.
Grinder is moderately wounded.
Grinder hits you.
You writhe in agony.
You hit Grinder.
Grinder is moderately wounded.
Grinder hits you.
* * * LOW HITPOINT WARNING * * *
Blink to where?
Press: ? - help, Dir - move target
As you read the scroll labelled OHICOM TEOSTUROR, it crumbles to dust.
It was a scroll of blinking.
As you read the scroll labelled TIARIC BUIMOTZ, it crumbles to dust.
You feel aware of your surroundings.
It was a scroll of magic mapping.
You barely miss Grinder.
Grinder is moderately wounded.
Grinder gestures at you.
You suddenly lose the ability to move!
Grinder blinks!
You can move again.
As you read the scroll of teleportation, it crumbles to dust.
You feel strangely unstable. Grinder attacks as you move away!
Grinder hits you!
You die...

,** *,,,* ########## *,*,***,
,,*** *,,,* #.....5..#****,*,,,,,
*,,,* *,,,* #.######.#*,,,,****,*
***,* *,,,* #5#....#.#*<******,,*
***+***,,,* #.#.##.#.#*,* *,,**
,,,,,,,,,,* #.#..#.#.#*,*****,**
,,,,,,,,*** #.#<.#.#5#*,,,,,,,***
,,,,,,,,* #.####.#.#*,,,,,,,,,*
,,,,.,,,* #...@5.#.#*,,,,,,,,,*
,,,,..,,*** ########.#*,,,,,,,,,*
,,,,...,+,* #.#*,,,,,,,>,*
,,,,....*.#### #####)#*,,,,,,,,,*
,,,,.....,...# #...#.####..#+*,,,
,,,,......##.###...#......#*,*,**
,,,,...5..$........#.######*,*,**
,,,,.....###.##†...).# *,*,**
****###*,* #.........# *,*,**


You could see Grinder.

Vanquished Creatures
  3 adders
  3 dart slugs
  8 endoplasms
  3 giant cockroaches
  3 goblins
  4 hobgoblins
  5 jackals (D:2)
  5 kobolds
  2 quokkas (D:2)
  2 ball pythons
  2 bats (D:2)
  2 frilled lizards
  A rat (D:1)
43 creatures vanquished.

Notes
Turn   | Place    | Note
-------+----------+-------------------------------------------
     0 | Abyss:1  | greasedhog the Gargoyle Abyssal Knight began the quest for
                  | the Orb.
     0 | Abyss:1  | Reached XP level 1. HP: 14/14 MP: 2/2
     1 | D:1      | Escaped the Abyss
   635 | D:1      | Reached XP level 2. HP: 19/19 MP: 3/3
   635 | D:1      | Found a faded altar of an unknown god.
  1336 | D:1      | Reached XP level 3. HP: 20/24 MP: 4/4
  1347 | D:1      | Reached skill level 4 in Fighting
  1654 | D:2      | Reached *** piety under Lugonu
  2053 | D:2      | Reached XP level 4. HP: 30/30 MP: 5/5
  2340 | D:3      | Noticed Grinder
  2370 | D:3      | Paralysed by Grinder for 2 turns
  2381 | D:3      | HP: 1/30 [Grinder/nerve-wracking pain (6)]
  2683 | D:3      | Paralysed by Grinder for 4 turns
  2695 | D:3      | Slain by Grinder

Illustrated notes

Levels and vault maps discovered:
D:1:      dpeg_arrival_stonehenge_8_columns, layout_basic,
          hellmonk_ecumenical_altar_prayer_group, minmay_quantized
D:2:      layout_loops_cross
D:3:      minmay_chambers_of_threes, layout_basic, uniq_grinder, uniq_ijyb,
          uniq_sigmund

Skill      XL: |  1  2  3 |
---------------+----------+-----
Fighting       | 4 |  4.6
Maces & Flails | 3 |  3.4
Armour         | |  2.1
Dodging        | |  0.7
Invocations    | |  2.0

Action                   |  1- 3 |  4- 6 || total
-------------------------+-------+-------++-------
Melee: Mace              |    16 |       ||    16
       Whip              |   101 |    58 ||   159
  Use: Scroll            |     4 |     5 ||     9
       Potion            |       |     4 ||     4
 Stab: Invisible         |       |     1 ||     1
Armor: Ring mail         |    47 |    21 ||    68
Dodge: Dodged            |    56 |    24 ||    80
